 Dungeon Crawl Stone Soup version 0.19.0-2-gae57169 (webtiles) character file.

88 varam the Poker (level 4, 0/51 HPs)
             Began as a Merfolk Gladiator on Nov 4, 2016.
             Succumbed to an adder's poison
             ... on level 2 of the Dungeon.
             The game lasted 00:03:52 (1707 turns).

varam the Poker (Merfolk Gladiator)                 Turns: 1707, Time: 00:03:52

Health: 0/51       AC: 22    Str: 15    XL:     4   Next: 53%
Magic:  4/4        EV:  2    Int:  7    God:
Gold:   94         SH:  0    Dex: 15    Spells: 0 memorised, 3 levels left

rFire  . . .     SeeInvis .     a - +0 trident
rCold  . . .     Gourm    .     (armour currently unavailable)
rNeg   + + +     Faith    .     (no shield)
rPois  +         Spirit   .     (helmet currently unavailable)
rElec  .         Reflect  .     (cloak currently unavailable)
rCorr  .         Harm     .     (gloves currently unavailable)
MR     .....     NoTele   +     (boots currently unavailable)
Stlth  +.........               (no amulet)
                                (no ring)
                                (no ring)

@: lethally poisoned (0 -> -2), tree-form
A: (change form in water), (swift swim), (stealthy swim)
a: no special abilities


You were on level 2 of the Dungeon.
You were not hungry.
You were a tree.
You visited 1 branch of the dungeon, and saw 2 of its levels.

You collected 94 gold pieces.

Inventory:

Hand Weapons
 a - a +0 trident (weapon)
Missiles
 d - 3 throwing nets (quivered)
Armour
 b - a +0 leather armour (melded)
 c - a +0 helmet (melded)
 h - a +0 cloak
Scrolls
 e - a scroll of remove curse {unknown}
 i - a scroll of immolation {unknown}
 m - a scroll of teleportation {unknown}
 n - a scroll of random uselessness {unknown}
Comestibles
 f - 2 bread rations
 g - a meat ration
 k - 2 fruits
 l - a chunk of flesh


   Skills:
 + Level 2.3 Fighting
 * Level 7.0 Polearms
 - Level 2.0 Throwing
 + Level 4.5 Dodging


You had 3 spell levels left.
You didn't know any spells.

Dungeon Overview and Level Annotations

Branches:
Dungeon (2/15)

Altars:

Annotations:
D:2 Natasha


Message History

You hit Natasha.
Natasha is lightly wounded.
You feel less woody.
Your +0 helmet unmelds from your body.
Your +0 leather armour unmelds from your body.
Natasha claws you!
* * * LOW HITPOINT WARNING * * *
The kobold misses you. The white imp puffs mist at you.
The white imp barely misses you.
You turn into a tree.
Your +0 helmet melds into your body.
Your +0 leather armour melds into your body.
Your roots penetrate the ground.
Natasha claws you but does no damage. The kobold hits you but does no damage.
The white imp gestures at you. The puff of frost hits you!
* * * LOW HITPOINT WARNING * * *
You hit Natasha but do no damage.
Natasha is lightly wounded.
You die...

####.)....# ♣♣##.. #..........#
♣♣P.... #..###..K.## ♣.P....
##.###.....# ♣..P...#
#.......### .♣......
####....#.# ♣♣♣##.. ##....#.#
#.. #...#...################..
###...##..K♣5...............
#.....#..###h......#.......#
#.......## ................
#.....######................
###...........................
##........#.###................
#...........# .........(......
..#.......### .......#.......#
........).# #......##


You could see Natasha, a white imp and a kobold.

Vanquished Creatures
  Ijyb (D:2)
  2 adders (D:2)
  A worm (D:2)
  A dart slug (D:1)
  2 leopard geckos (D:1)
  2 bats
  4 goblins
  3 hobgoblins
  7 jackals
  5 frilled lizards
  5 kobolds
  6 rats
  A plant (D:1)
40 creatures vanquished.

Notes
Turn   | Place    | Note
-------+----------+-------------------------------------------
     0 | D:1      | varam the Merfolk Gladiator began the quest for the Orb.
     0 | D:1      | Reached XP level 1. HP: 16/16 MP: 1/1
   271 | D:1      | Reached skill level 5 in Polearms
   397 | D:1      | Reached XP level 2. HP: 22/22 MP: 2/2
  1022 | D:1      | Reached XP level 3. HP: 26/27 MP: 3/3
  1023 | D:1      | Reached skill level 6 in Polearms
  1607 | D:2      | Noticed Ijyb
  1620 | D:2      | Killed Ijyb
  1620 | D:2      | Reached skill level 7 in Polearms
  1620 | D:2      | Reached XP level 4. HP: 32/33 MP: 4/4
  1690 | D:2      | Noticed Natasha
  1705 | D:2      | HP: 2/34 [Natasha (9)]
  1707 | D:2      | Succumbed to an adder's poison

Skill      XL: |  1  2  3 |
---------------+----------+-----
Polearms       | 5 7 |  7.0
Fighting       | |  2.3
Throwing       | |  2.0
Dodging        | |  4.5

Action                   |  1- 3 |  4- 6 || total
-------------------------+-------+-------++-------
Melee: Trident           |   175 |    33 ||   208
       Tailslap          |     4 |       ||     4
  Use: Potion            |       |     2 ||     2
  Eat: Chunk             |     2 |     1 ||     3
Armor: Leather armour    |    29 |     4 ||    33
       Skin              |       |    22 ||    22
Dodge: Dodged            |    76 |    15 ||    91
